 Dungeon Crawl Stone Soup version 0.29.1-2-gbd0b4ee654 (webtiles) character file.

Game seed: 8885589036352079729

10670 zeram the Basher (level 11, -7/94 HPs)
             Began as a Troll Fighter on Oct 29, 2022.
             Was an Initiate of Gozag.
             Mangled by an orc warrior
             ... wielding a +0 scimitar of freezing
             ... led by an orc knight
              (8 damage)
             ... on level 1 of the Orcish Mines.
             The game lasted 00:30:33 (8771 turns).

zeram the Basher (Troll Fighter)                    Turns: 8771, Time: 00:30:34

Health: -7/94      AC:  8    Str: 26    XL:     11   Next: 39%
Magic:  17/17      EV: 11    Int:  8    God:    Gozag
Gold:   1408       SH:  0    Dex:  9    Spells: 20/20 levels left

rFire   + . .      SeeInvis .   G - +0 giant spiked club (spect)
rCold   . . .      Faith    .   (shield currently unavailable)
rNeg    . . .      Spirit   .   y - +2 robe {rF+}
rPois   +          Reflect  .   (helmet restricted)
rElec   .          Harm     .   k - +1 cloak
rCorr   .          Rampage  .   (gloves unavailable)
Will    .....                   (boots unavailable)
Stlth   +.........              s - amulet of regeneration
HPRegen 1.85/turn               l - ring of poison resistance
MPRegen 0.15/turn               t - ring of wizardry

@: studying Maces & Flails
A: large, unfitting armour, claws 3, regeneration 1, shaggy fur 1, tough skin 1
a: Renounce Religion, Potion Petition, Call Merchant, Bribe Branch


You were on level 1 of the Orcish Mines.
You worshipped Gozag.
Gozag was most pleased with you.
You visited 3 branches of the dungeon, and saw 13 of its levels.

You collected 1596 gold pieces.
You spent 111 gold pieces at shops.
You paid 77 gold pieces to Gozag.

Inventory:

Hand Weapons
 m - a +0 triple sword
 n - a +3 morningstar of venom
 z - a +0 vampiric flail
 B - a +0 giant club
 G - a +0 spectral giant spiked club (weapon)
Armour
 b - a +0 robe
 c - a +0 kite shield
 k - a +1 cloak (worn)
 o - a scarf of resistance
 y - a +2 robe of fire resistance (worn)
 C - +0 storm dragon scales
Jewellery
 l - a ring of poison resistance (left claw)
 s - an amulet of regeneration (around neck)
 t - a ring of wizardry (right claw)
 w - an amulet of reflection
Wands
 r - a wand of acid (1)
 E - a wand of flame (17)
Scrolls
 h - 3 scrolls of teleportation
 p - 2 scrolls of enchant armour
 v - 5 scrolls of amnesia
 H - a scroll of fear
Potions
 a - a potion of berserk rage
 d - a potion of heal wounds
 f - a potion of brilliance
 g - a potion of might
 j - a potion of haste
 q - a potion of flight
 A - a potion of magic
 F - a potion of curing


   Skills:
 - Level 2.4 Fighting
 + Level 10.9 Maces & Flails
 + Level 6.9 Dodging
 + Level 8.2 Shields
 * Level 5.0 Spellcasting


You had 20 spell levels left.
You didn't know any spells.
Your spell library contained the following spells:

 Spells                   Type           Power      Damage    Failure   Level
 Gell's Gravitas          Tloc           2%         N/A       30%         3
 Lesser Beckoning         Tloc           2%         N/A       30%         3
 Teleport Other           Tloc           2%         N/A       30%         3
 Animate Armour           Summ/Erth      4%         N/A       67%         4
 Blade Hands              Tmut           1%         N/A       94%         5
 Iron Shot                Conj/Erth      1%         9d1       100%        6


Dungeon Overview and Level Annotations

Branches:
Dungeon (11/15)            Temple (1/1) D:5            Lair (0/5) D:9
    Orc (1/2) D:10

Altars:
Ashenzari
Cheibriados
Dithmenos
Elyvilon
Fedhas
Gozag
Hepliaklqana
Kikubaaqudgha
Makhleb
Nemelex Xobeh
Okawaru
Qazlal
Ru
Sif Muna
Trog
Uskayaw
Vehumet
Wu Jian
Xom
Yredelemnul
Zin
The Shining One

Shops:
D:11 [

Annotations:
D:3 2 transporters, croobank's ghost, amateur DsCj
D:9 exclusion: obsidian statue


Innate Abilities, Weirdness & Mutations

You are too large for most types of armour.
You have claws for hands.
Your natural rate of healing is unusually fast.
You are covered in fur. (AC +1)
You have tough skin. (AC +1)


Message History

The orc warrior shouts!
You hear a shout!
The orc knight roars a battlecry!
The orc warriors go into a battle-frenzy!
You impale the orc warrior!!
You kill the orc warrior!
An orc warrior comes into view. It is wielding a +0 flail.
You hit the orc knight but do no damage.
Your +0 spectral giant spiked club closely misses the orc knight.
The orc knight hits you with a +1 vorpal battleaxe.
The orc knight hits your +0 spectral giant spiked club with a +1 vorpal battleaxe!
Your spectral weapon shares its damage with you! x2
An orc knight comes into view.
It is wielding a +1 great sword of holy wrath.
The orc warrior unwields a +0 flail.
The orc warrior wields a +0 arbalest.
The orc warrior shoots a bolt.
The bolt hits you!! The orc knight barely misses you.
The orc knight closely misses your +0 spectral giant spiked club.
You hear a shout!
You barely miss the orc warrior.
Your +0 spectral giant spiked club closely misses the orc warrior.
The orc warrior hits you with a +0 scimitar of freezing!!
The orc warrior freezes you.
The orc knight hits you with a +1 vorpal battleaxe!!
* * * LOW HITPOINT WARNING * * *
x2 The orc warrior shoots a bolt.
The bolt barely misses you.
You hear a howl!
Unknown command.
You swap places.
The orc warrior barely misses you.
Unknown command.
The orc warrior attacks as you move away!
The orc warrior barely misses you.
Items here: $ ( ))) [[.
The orc warrior hits you but does no damage.
Unknown command.
You barely miss the orc warrior.
Your +0 spectral giant spiked club barely misses the orc warrior.
The orc warrior hits you with a +0 scimitar of freezing!!
* * * LOW HITPOINT WARNING * * *
The orc warrior freezes you!
You die...
Your body crumbles into a pile of gold.

......#o......## #.....##
...............####......#
..._...........#.#...#..##
^.....$o.............##..#
#........###.#.......#....
##.....o###.##....#####...
##......#..........#.....
##....oo#...............
###.$(@................
##.........#........#
.##.#........##......##
......>.......######.##
#.............# #..#
##.#..........########
##.....##.......##.##
#.....####....##....#
#...#<###....###.##


You could see 2 orc knights, 2 orc warriors and a friendly +0 spectral giant
spiked club (summoned).

Vanquished Creatures
  Erolcha (D:9)
  A centaur warrior (D:9)
  2 two-headed ogres (D:9)
  Maurice (D:9)
  A komodo dragon (D:10)
  2 hornets (D:10)
  18 yaks
  A shadow (D:10)
  2 wraiths
  2 wyverns
  A warg (D:10)
  2 water moccasins
  5 orc warriors
  A black bear (D:6)
  3 sky beasts (D:6)
  3 centaurs
  4 phantoms
  A kobold brigand (D:11)
  5 bullfrogs
  A gnoll sergeant (D:9)
  A scorpion (D:6)
  9 wights
  11 killer bees
  2 howler monkeys (D:8)
  2 jellies
  4 orc priests
  A gnoll bouda (D:5)
  7 hounds
  Natasha (twice) (D:2)
  2 iguanas
  4 orc wizards
  8 adders
  6 gnolls
  3 white imps
  An ufetubus (D:5)
  A worm (D:4)
  2 dart slugs
  18 orcs
  6 ball pythons
  8 bats
  6 endoplasms
  4 giant cockroaches
  7 goblins
  4 hobgoblins
  16 kobolds
  6 quokkas
  7 frilled lizards
  5 rats
210 creatures vanquished.

Notes
Turn   | Place    | Note
-------+----------+-------------------------------------------
     0 | D:1      | zeram the Troll Fighter began the quest for the Orb.
     0 | D:1      | Reached XP level 1. HP: 22/22 MP: 0/0
   251 | D:1      | Reached XP level 2. HP: 29/29 MP: 1/1
   443 | D:1      | Reached skill level 2 in Maces & Flails
   990 | D:2      | Reached XP level 3. HP: 18/30 MP: 2/2
  1145 | D:2      | Noticed Natasha
  1159 | D:2      | Killed Natasha
  1160 | D:2      | Reached XP level 4. HP: 31/44 MP: 4/4
  1226 | D:2      | Reached skill level 1 in Spellcasting
  1442 | D:2      | Noticed Natasha
  1461 | D:2      | Killed Natasha
  1485 | D:2      | Found an ancient bone altar of Kikubaaqudgha.
  1563 | D:2      | Identified the +4 ring mail "Ytofinax" {Harm rC- rN+}
  1808 | D:3      | Reached XP level 5. HP: 50/50 MP: 5/5
  1882 | D:3      | Found a faded altar of an unknown god.
  1922 | D:3      | Reached skill level 3 in Maces & Flails
  2068 | D:3      | Found a transporter.
  2068 | D:3      | Noticed croobank's ghost (amateur DsCj)
  2070 | D:3      | Noticed an ogre
  2071 | D:3      | Identified the +6 great mace "Thing" {holy, rElec}
  2071 | D:3      | Noticed an ogre
  2073 | D:3      | Noticed an ogre
  2080 | D:3      | Found a transporter.
  2535 | D:4      | Found a white marble altar of Elyvilon.
  2675 | D:4      | Noticed a phantom
  2691 | D:4      | Killed a phantom
  2692 | D:4      | Reached XP level 6. HP: 59/59 MP: 7/7
  2987 | D:5      | Entered Level 5 of the Dungeon
  3077 | D:5      | Reached skill level 4 in Maces & Flails
  3116 | D:5      | Found a staircase to the Ecumenical Temple.
  3196 | D:5      | Reached XP level 7. HP: 57/66 MP: 8/8
  3623 | Temple   | Entered the Ecumenical Temple
  3765 | Temple   | Became a worshipper of Gozag Ym Sagoz the Greedy
  3902 | D:6      | Reached skill level 5 in Maces & Flails
  3945 | D:6      | Reached XP level 8. HP: 72/74 MP: 10/10
  4842 | D:7      | Reached skill level 5 in Dodging
  4893 | D:7      | Reached skill level 6 in Maces & Flails
  4897 | D:7      | Reached skill level 5 in Shields
  4959 | D:7      | Identified the +2 leather armour "Amufesorr" {Will++ Dex+2}
  5012 | D:7      | Reached XP level 9. HP: 80/80 MP: 12/12
  5063 | D:7      | Reached skill level 7 in Maces & Flails
  5210 | D:7      | Found a shimmering blue altar of Sif Muna.
  5210 | D:7      | Found a hazy altar of Hepliaklqana.
  5210 | D:7      | Found a blossoming altar of Fedhas.
  5877 | D:8      | Reached skill level 8 in Maces & Flails
  6111 | D:8      | Found a shadowy altar of Dithmenos.
  6485 | D:9      | Noticed Erolcha
  6651 | D:9      | Noticed a centaur warrior
  6656 | D:9      | Killed a centaur warrior
  6657 | D:9      | Reached XP level 10. HP: 88/88 MP: 13/15
  6682 | D:9      | Killed Erolcha
  6683 | D:9      | Reached skill level 9 in Maces & Flails
  6864 | D:9      | Noticed an obsidian statue
  6874 | D:9      | Noticed a two-headed ogre
  6879 | D:9      | Killed a two-headed ogre
  6994 | D:9      | Noticed Maurice
  7014 | D:9      | Killed Maurice
  7105 | D:9      | Noticed a two-headed ogre
  7119 | D:9      | Killed a two-headed ogre
  7173 | D:9      | Found a staircase to the Lair.
  7427 | D:9      | Reached skill level 10 in Maces & Flails
  7602 | D:10     | Entered Level 10 of the Dungeon
  7602 | D:10     | Found a staircase to the Orcish Mines.
  7610 | Orc:1    | Entered Level 1 of the Orcish Mines
  7647 | D:10     | Reached XP level 11. HP: 79/94 MP: 17/17
  7982 | D:10     | Reached skill level 5 in Spellcasting
  8335 | D:11     | Found Kiqa's Antique Armour Shoppe.
  8345 | D:11     | Bought a glowing robe for 111 gold pieces
  8578 | D:11     | Noticed a deep elf pyromancer
  8579 | D:11     | Noticed a cyan ugly thing
  8582 | D:11     | Identified a scroll of acquirement
  8582 | D:11     | Acquired a manual of Maces & Flails
  8587 | D:11     | Noticed a centaur warrior
  8587 | D:11     | Noticed a four-headed hydra
  8587 | D:11     | Noticed a wizard
  8587 | D:11     | Noticed a boulder beetle
  8587 | D:11     | Found the +2 hood of the Assassin {Detection Stab+ Stlth++}
  8759 | Orc:1    | Noticed an orc knight
  8764 | Orc:1    | Noticed an orc knight
  8771 | Orc:1    | HP: 1/94 [orc warrior/+0 scimitar of freezing[an orc
                  | knight] (24)]
  8771 | Orc:1    | Mangled by an orc warrior

Illustrated notes

Levels and vault maps discovered:
D:1:      dpeg_arrival_leaves_temple_mockup, layout_loops_corners
D:2:      layout_loops_cross, basic_altar, uniq_natasha
D:3:      layout_basic, hellmonk_ecumenical_altar_heavens_door,
          gammafunk_ghost_smash, minmay_box_of_dots
D:4:      layout_basic, mainiacjoe_overflow_cross_hatched
D:5:      layout_rooms, lemuel_temple_firewalk_a
D:6:      layout_basic, kennysheep_minor_cross, grunt_ministairs_6
D:7:      nicolae_cairo_tiling_very_big, layout_gridville,
          gammafunk_temple_overflow_claw, st_stairs_7
D:8:      layout_basic, lemuel_round_altar
D:9:      layout_gridville, lair_entry_dummy, minmay_protected_statue,
          uniq_erolcha, uniq_maurice
D:10:     layout_loops_cross, orc_0_dummy
D:11:     minmay_the_grid_square_5x5_4x4_mashed
          [minmay_the_grid_square_5x5_broken_cross,
          minmay_the_grid_square_5x5_minibox, minmay_the_grid_square_5x5_n,
          minmay_the_grid_square_5x5_three_walls,
          minmay_the_grid_square_5x5_longway,
          minmay_the_grid_square_5x5_prize_rear_guard,
          minmay_the_grid_square_5x5_prize_open,
          minmay_the_grid_square_5x5_trominoes,
          minmay_the_grid_square_5x5_detours,
          minmay_the_grid_square_5x5_prize_monsterx,
          minmay_the_grid_square_5x5_prize_gold,
          minmay_the_grid_square_5x5_minivault,
          minmay_the_grid_square_5x5_two_small,
          minmay_the_grid_square_5x5_inner_i,
          minmay_the_grid_square_5x5_inner_z,
          minmay_the_grid_square_5x5_percent], layout_loops_ring, serial_shops,
          nicolae_lakefront_shop
Temple:   minmay_crystal_spiral_temple
Orc:1:    layout_diamond_mine, serial_shops, shop, basic_altar, elf_legates,
          uniq_harold

Skill      XL: |  1  2  3  4  5  6  7  8  9 10 11 |
---------------+----------------------------------+-----
Maces & Flails | 2 3 4 5 6 8 10 | 10.9
Shields        | 3 4 5 6 7 8 |  8.2
Dodging        | 3 4 5 6 |  6.9
Spellcasting   | 1 2 3 4 5 |  5.0
Fighting       | |  2.4

Action                   |  1- 3 |  4- 6 |  7- 9 | 10-12 || total
-------------------------+-------+-------+-------+-------++-------
Melee: Flail             |   149 |   253 |   251 |       ||   653
       Morningstar       |       |       |    96 |    84 ||   180
       Giant spiked club |       |       |       |   107 ||   107
Evoke: Wand              |       |       |     2 |     1 ||     3
  Use: Scroll            |     2 |     9 |    11 |    11 ||    33
       Potion            |     1 |     1 |     8 |     4 ||    14
 Stab: Sleeping          |       |     1 |       |       ||     1
       Distracted        |       |       |     1 |       ||     1
Armor: Robe              |    78 |   105 |   110 |    32 ||   325
       Storm dragon scal |       |       |    72 |    97 ||   169
Dodge: Dodged            |    72 |   125 |   161 |    90 ||   448
Block: Kite shield       |    62 |   127 |   187 |    78 ||   454
